 Dungeon Crawl Stone Soup version 0.27-a0-679-g77a6b55cf3 (webtiles) character file.

Game seed: 12540789697716644070

395 Allula97 the Chopper (level 6, -7/48 HPs)
             Began as a Demonspawn Chaos Knight on Mar 19, 2021.
             Was a Plaything of Xom.
             Mangled by a kobold brigand
             ... wielding the +4 dagger "Xoxih" {chaos, rElec rF++ Dex-5 SInv}
              (8 damage)
             ... on level 3 of the Dungeon.
             The game lasted 00:09:28 (4107 turns).

Allula97 the Chopper (Demonspawn Chaos Knight)      Turns: 4107, Time: 00:09:40

Health: -7/48      AC:  8    Str: 16      XL:     6   Next: 52%
Magic:  7/7        EV: 11    Int: 14      God:    Xom [*.....]
Gold:   174        SH:  0    Dex: 11 (12) Spells: 5/7 levels left

rFire    + . .     SeeInvis +   a - +1 hand axe (elec)
rCold    . . .     Faith    .   (no shield)
rNeg     . . .     Spirit   .   d - +2 leather armour {rF+}
rPois    .         Reflect  .   (helmet unavailable)
rElec    .         Harm     .   c - +1 cloak
rCorr    .         Rampage  .   (no gloves)
Will     .....                  (no boots)
Stlth    +.........             f - amulet of magic regeneration
HPRegen  0.16/turn              (no ring)
MPRegen  0.35/turn              (no ring)

@: lethally poisoned (-7 -> -19), slowed, very slow
A: antennae 3, icy blue scales 1, blurry vision 1, deformed body, strong 1,
evolution 1, subdued magic 1
a: Renounce Religion


You were on level 3 of the Dungeon.
You worshipped Xom.
You were a special plaything of Xom.
You visited 1 branch of the dungeon, and saw 3 of its levels.

You collected 174 gold pieces.

Inventory:

Hand Weapons
 a - a +1 hand axe of electrocution (weapon)
Armour
 b - a +2 leather armour
 c - a +1 cloak (worn)
 d - a +2 leather armour of fire resistance (worn)
Jewellery
 f - an amulet of magic regeneration (around neck)
Scrolls
 e - a scroll of enchant armour {unknown}
 g - a scroll of holy word {unknown}


   Skills:
 * Level 4.0 Fighting
 * Level 4.5 Axes
 * Level 3.0 Armour
 * Level 1.9 Dodging
 * Level 1.8 Stealth
 * Level 1.1 Spellcasting
 * Level 1.2 Hexes


You had 5 spell levels left.
You knew the following spells:

 Your Spells              Type           Power      Damage    Failure   Level
a - Ensorcelled Hibernat  Hex/Ice        2%         N/A       30%         2

Your spell library contained the following spells:

 Spells                   Type           Power      Damage    Failure   Level
 Corona                   Hex            3%         N/A       16%         1
 Animate Skeleton         Necr           0%         N/A       26%         1
 Apportation              Tloc           0%         N/A       26%         1
 Summon Small Mammal      Summ           0%         N/A       26%         1
 Confusing Touch          Hex            3%         N/A       45%         3
 Tukima's Dance           Hex            3%         N/A       45%         3
 Dazzling Flash           Conj/Hex       2%         N/A       52%         3


Dungeon Overview and Level Annotations

Branches:
Dungeon (3/15)

Altars:
Xom


Innate Abilities, Weirdness & Mutations

You have a pair of large antennae on your head. (SInv)
You are partially covered in icy blue scales. (AC +2)
Scrolls take you a little longer to read.
Armour fits poorly on your strangely shaped body.
Your muscles are strong. (Str +2)
You evolve.
Your spells are a little easier to cast, but a little less powerful.


Message History

Your Armour skill increases to level 3!
You closely miss the kobold. You hit the kobold.
The kobold hits you with a +0 club. The kobold closely misses you.
You hit the kobold but do no damage. You hit the kobold.
Lightning courses through the kobold!
You kill the kobold!
The kobold barely misses you.
You hit the kobold.
You kill the kobold!
You barely miss the kobold brigand. The kobold brigand misses you.
You closely miss the kobold brigand. You closely miss the kobold.
The kobold closely misses you.
The kobold brigand hits you with the +4 dagger "Xoxih" {chaos, rElec rF++ Dex-5 SInv}.
You feel yourself slow down.
You hit the kobold brigand but do no damage.
You closely miss the kobold.
Xom chortles.
The kobold's +0 whip is briefly surrounded by a scintillating aura of random colours.
The kobold hits you with a +1 whip of chaos.
You are poisoned.
The kobold brigand barely misses you. The kobold barely misses you.
The kobold brigand barely misses you.
You hit the kobold brigand.
The kobold brigand is lightly wounded.
You closely miss the kobold.
You feel sick.
The kobold hits you with a +1 whip of chaos.
You are more poisoned.
The kobold brigand closely misses you.
You hit the kobold brigand but do no damage.
You hit the kobold. Lightning courses through the kobold!
You kill the kobold!
* * * LOW HITPOINT WARNING * * *
You feel sick.
The kobold brigand hits you with the +4 dagger "Xoxih" {chaos, rElec rF++ Dex-5 SInv}!
* * * LOW HITPOINT WARNING * * *
You convulse.
* * * LOW HITPOINT WARNING * * *
The kobold brigand hits you with the +4 dagger "Xoxih" {chaos, rElec rF++ Dex-5 SInv}!
You die...
Xom giggles madly!

#.##.⌠.## #.#
#.#.#.#.## #.###
##.'..#...# #....
#_.'.....(# #####.###
#.)'..#..$###......<.
##..#.#.#.##...#.....#
#...##.⌠.########...##
#...K##### ##.###
#..##@#..### #....
#.._)..._>.# #.###
#.###._....# ##'## #.#
###.._.# ##...##
#.#####_#_## ##.....#
#<........# ##.......
#######...####........
#.......'........
##...####........


You could see a kobold brigand.

Vanquished Creatures
  The ghost of Morbidden the Sneak, an amateur OpBr (D:3)
  A phantom (D:3)
  A bullfrog zombie (D:3)
  2 orc wizards (D:3)
  5 adders
  A river rat (D:3)
  A shadow imp (D:3)
  3 oozes
  2 worms (D:2)
  A dart slug (D:2)
  5 leopard geckos
  4 orcs (D:3)
  A ball python (D:2)
  8 bats
  8 giant cockroaches
  7 hobgoblins
  13 kobolds
  A quokka (D:3)
  8 frilled lizards
  7 goblins
  5 rats
85 creatures vanquished.

Vanquished Creatures (others)
  24 plants (D:3)
24 creatures vanquished.

Grand Total: 109 creatures vanquished

Notes
Turn   | Place    | Note
-------+----------+-------------------------------------------
     0 | D:1      | Allula97 the Demonspawn Chaos Knight began the quest for
                  | the Orb.
     0 | D:1      | Reached XP level 1. HP: 18/18 MP: 1/1
   174 | D:1      | XOM: divination: magic mapping
   243 | D:1      | XOM: silly message
   409 | D:1      | Gained mutation: You have a pair of small antennae on your
                  | head. [demonic ancestry]
   409 | D:1      | Reached XP level 2. HP: 24/24 MP: 2/2
   446 | D:1      | XOM: silly message
   556 | D:1      | XOM: noise
   643 | D:1      | Reached skill level 1 in Dodging
   745 | D:1      | XOM: give mutations
   745 | D:1      | Gained mutation: You are dopey. (Int -2) [Xom's mischief]
   745 | D:1      | Gained mutation: Your muscles are strong. (Str +2) [Xom's
                  | mischief]
   860 | D:1      | XOM: cast spell 'Metabolic Englaciation'
   894 | D:1      | XOM: give mutations
   894 | D:1      | Gained mutation: You are clumsy. (Dex -2) [Xom's mischief]
   894 | D:1      | Gained mutation: You tend to lose your temper in combat.
                  | [Xom's mischief]
   894 | D:1      | Lost mutation: You tend to lose your temper in combat.
                  | [Xom's mischief]
   894 | D:1      | Gained mutation: Armour fits poorly on your strangely
                  | shaped body. [Xom's mischief]
  1049 | D:2      | Reached XP level 3. HP: 29/29 MP: 3/3
  1049 | D:2      | XOM: stat loss: -1 Int (10/11)
  1067 | D:2      | XOM: 4-stop teleportation journey
  1890 | D:2      | Gained mutation: You have a pair of antennae on your head.
                  | [demonic ancestry]
  1890 | D:2      | Reached XP level 4. HP: 22/35 MP: 4/4
  2033 | D:2      | Learned a level 2 spell: Ensorcelled Hibernation
  2351 | D:2      | XOM: silly message
  2426 | D:3      | XOM: noise
  2505 | D:3      | Reached skill level 1 in Stealth
  2518 | D:3      | XOM: confusion (+ monsters)
  2524 | D:3      | Gained mutation: You have a pair of large antennae on your
                  | head. (SInv) [demonic ancestry]
  2524 | D:3      | Reached XP level 5. HP: 13/41 MP: 5/5
  2601 | D:3      | Found a runed translucent gate.
  2601 | D:3      | Found a runed translucent gate.
  2601 | D:3      | Found a runed translucent gate.
  2602 | D:3      | Noticed Morbidden's ghost (amateur OpBr)
  2602 | D:3      | Identified the +4 dagger "Xoxih" {chaos, rElec rF++ Dex-5
                  | SInv}
  2939 | D:3      | XOM: give mutations
  2939 | D:3      | Gained mutation: Your spells are a little easier to cast,
                  | but a little less powerful. [Xom's mischief]
  2939 | D:3      | Gained mutation: You do not regenerate when monsters are
                  | visible. [Xom's mischief]
  2939 | D:3      | Gained mutation: Scrolls take you a little longer to read.
                  | [Xom's mischief]
  2939 | D:3      | Lost mutation: You are dopey. (Int -2) [Xom's mischief]
  3188 | D:3      | XOM: 3-stop teleportation journey
  3367 | D:3      | XOM: silly message
  3419 | D:3      | Noticed a phantom
  3432 | D:3      | Killed a phantom
  3433 | D:3      | Reached skill level 1 in Hexes
  3433 | D:3      | Gained mutation: You are partially covered in icy blue
                  | scales. (AC +2) [demonic ancestry]
  3433 | D:3      | Reached XP level 6. HP: 19/48 MP: 7/7
  3499 | D:3      | XOM: give mutations
  3499 | D:3      | Lost mutation: You do not regenerate when monsters are
                  | visible. [Xom's mischief]
  3499 | D:3      | Gained mutation: You evolve. [Xom's mischief]
  3499 | D:3      | Lost mutation: You are clumsy. (Dex -2) [Xom's mischief]
  3781 | D:3      | Reached skill level 1 in Spellcasting
  4038 | D:3      | XOM: stat loss: -1 Dex (11/12)
  4093 | D:3      | XOM: scenery: create altars
  4099 | D:3      | Killed Morbidden's ghost
  4105 | D:3      | XOM: chaos upgrade
  4107 | D:3      | HP: 2/48 [kobold brigand/the +4 dagger "Xoxih" {chaos,
                  | rElec rF++ Dex-5 SInv} (11)]
  4107 | D:3      | Mangled by a kobold brigand

Illustrated notes

Levels and vault maps discovered:
D:1:      lightli_molten_gateway, layout_basic
D:2:      layout_loops_ring, st_stairs_2
D:3:      layout_loops_corners, serial_bayou, serial_bayou_shore_a,
          serial_bayou_ford_a, serial_bayou_pond_d, serial_bayou_crossing,
          serial_bayou_pond_e, gammafunk_ghost_nasty_kobolds,
          gup_sewer_entry_spiral

Skill      XL: |  1  2  3  4  5  6 |
---------------+-------------------+-----
Axes           | 3 4 |  4.5
Dodging        | 1 |  1.9
Armour         | 2 3 |  3.0
Stealth        | 1 |  1.8
Hexes          | 1 |  1.2
Spellcasting   | 1 |  1.1
Fighting       | 4 |  4.0

Action                   |  1- 3 |  4- 6 || total
-------------------------+-------+-------++-------
Melee: Hand axe          |   123 |   129 ||   252
  Use: Potion            |     3 |     2 ||     5
       Scroll            |       |     6 ||     6
 Stab: Confused          |       |     2 ||     2
       Petrified         |       |     2 ||     2
       Sleeping          |       |     1 ||     1
Armor: Leather armour    |    43 |    37 ||    80
       Scale mail        |    14 |     1 ||    15
Dodge: Dodged            |    67 |    65 ||   132

Table legend: (Time is in decaauts)
 A = Elapsed time spent in this place.
 B = Non-inter-level travel time spent in this place.
 C = Inter-level travel time spent in this place.
 D = Time resting spent in this place.
 E = Time spent auto-exploring this place.
 F = Levels seen in this place.
 G = Mean time per level.
                   A        B        C        D        E       F      G
               +--------+--------+--------+--------+--------+-----+--------+
         Total |   4209 |   4133 |     76 |      0 |   3211 |   3 | 1403.0 |
       Dungeon |   4209 |   4133 |     76 |      0 |   3211 |   3 | 1403.0 |
               +--------+--------+--------+--------+--------+-----+--------+

Top non-repeatable levels by time:
     D:3: 1800 daAuts
     D:2: 1386 daAuts
     D:1: 1021 daAuts
